 Dungeon Crawl Stone Soup version 0.29-a0-993-g4a18f31a58 (webtiles) character file.

Game seed: 16707921069352497496

597 vurker the Insei (level 7, -3/33 (37) HPs)
             Began as a Vine Stalker Enchanter on Aug 2, 2022.
             Slain by a wight
             ... wielding a +4 dire flail
              (7 damage)
             ... on level 4 of the Dungeon.
             The game lasted 00:04:09 (3451 turns).

vurker the Insei (Vine Stalker Enchanter)           Turns: 3451, Time: 00:04:09

HP:   -3/33 (37)    AC:  9    Str: 12    XL:     7   Next: 40%
MP:   0/11          EV:  9    Int: 15    God:
Gold: 160           SH:  0    Dex: 15    Spells: 10/10 levels left

rFire   . . .      SeeInvis .   a - +1 dagger
rCold   . . .      Faith    .   (no shield)
rNeg    . . .      Spirit   +   n - +0 chain mail
rPois   .          Reflect  .   g - +0 helmet
rElec   .          Harm     .   (no cloak)
rCorr   .          Rampage  .   (no gloves)
Will    +....                   (no boots)
Stlth   ..........              b - amulet of magic regeneration
HPRegen 0.91/turn               e - ring of willpower
MPRegen 0.52/turn               q - +4 ring of evasion

@: heavily drained
A: fangs 2, regeneration 1, magic shield, antimagic bite, no potion heal 2
a: no special abilities


You were on level 4 of the Dungeon.
You visited 1 branch of the dungeon, and saw 4 of its levels.

You collected 160 gold pieces.

Inventory:

Hand Weapons
 a - a +1 dagger (weapon)
Armour
 g - a +0 helmet (worn)
   (You found it on level 1 of the Dungeon)
 n - a +0 chain mail (worn)
   (You found it on level 2 of the Dungeon)
Jewellery
 b - an amulet of magic regeneration (around neck)
   (You took it off a goblin on level 2 of the Dungeon)
 e - a ring of willpower (left hand)
   (You found it on level 1 of the Dungeon)
 q - a +4 ring of evasion (right hand)
   (You found it on level 4 of the Dungeon)
Wands
 d - a wand of iceblast (7)
   (You found it on level 4 of the Dungeon)
 u - a wand of paralysis (5)
   (You found it on level 3 of the Dungeon)
 v - a wand of digging (5)
   (You found it on level 4 of the Dungeon)
Scrolls
 i - a scroll of blinking {unknown}
 k - a scroll of noise {unknown}
 l - 6 scrolls of teleportation {unknown}
 m - a scroll of butterflies {unknown}
 o - 3 scrolls of identify {unknown}
 s - a scroll of vulnerability {unknown}
 w - a scroll of enchant weapon {unknown}
Potions
 c - 3 potions of invisibility
 f - a potion of lignification {unknown}
 h - 6 potions of curing {unknown}
 j - a potion of degeneration {unknown}
 p - 4 potions of heal wounds {unknown}
 r - 4 potions of mutation {unknown}
 t - a potion of might {unknown}


   Skills:
 + Level 3.8 Fighting
 - Level 0.8 Short Blades
 - Level 1.5 Dodging
 - Level 3.6 Stealth
 * Level 6.1 Unarmed Combat
 - Level 2.1 Spellcasting
 - Level 3.0 Hexes


You had 10 spell levels left.
You didn't know any spells.
Your spell library contained the following spells:

 Spells                   Type           Power      Damage    Failure   Level
 Foxfire                  Conj/Fire      4%         2x1d4     100%        1
 Blink                    Tloc           2%         N/A       100%        2
 Ensorcelled Hibernation  Hex/Ice        12%        N/A       100%        2
 Call Canine Familiar     Summ           1%         N/A       100%        3
 Confusing Touch          Hex            10%        N/A       100%        3
 Conjure Flame            Conj/Fire      1%         6-21      100%        3
 Dazzling Flash           Conj/Hex       12%        N/A       100%        3
 Inner Flame              Hex/Fire       6%         N/A       100%        3
 Portal Projectile        Hex/Tloc       12%        N/A       100%        3
 Tukima's Dance           Hex            10%        N/A       100%        3
 Flame Wave               Conj/Fire      1%         2d4       100%        4
 Leda's Liquefaction      Hex/Erth       3%         N/A       100%        4
 Manifold Assault         Tloc           1%         N/A       100%        5
 Storm Form               Tmut/Air       0%         N/A       100%        7


Dungeon Overview and Level Annotations

Branches:
Dungeon (4/15)
 Temple: D:4-7

Altars:
Ashenzari
Vehumet

Shops:
D:1 :


Innate Abilities, Weirdness & Mutations

You have extremely sharp teeth.
Your natural rate of healing is unusually fast.
When hurt, damage is shared between your health and your magic reserves.
Your bite disrupts and absorbs the magic of your enemies.
Potions cannot restore your health.


Message History

Okay, then.
Okay, then.
The iguana attacks as you move away! The iguana closely misses you.
The iguana attacks as you move away! The iguana closely misses you.
Okay, then.
The iguana attacks as you move away!
The iguana bites you but does no damage.
The mass of ice explodes!
The iceblast engulfs the ogre!
The iceblast engulfs the iguana!
You kill the iguana!
You completely miss the ogre. Your bite misses the ogre.
The ogre closely misses you.
You hit the ogre. You hit the ogre but do no damage. You bite the ogre.
You drain its power. The ogre closely misses you.
You hit the ogre.
You kill the ogre!
Your Unarmed Combat skill increases to level 6!
You closely miss the wight. You bite the wight, but do no damage.
The wight misses you.
You hit the wight but do no damage. You hit the wight but do no damage.
The wight hits you with a +4 dire flail!
You feel drained.
You hit the wight. You bite the wight. You drain its power.
You feel invigorated.
The wight hits you with a +4 dire flail.
You barely miss the wight. Your punch misses the wight.
You bite the wight, but do no damage.
The wight hits you with a +4 dire flail!
* * * LOW HITPOINT WARNING * * *
Aim: a wight, wielding a +4 dire flail and wearing a +0 robe (moderately damaged, chance to affect: 49%)
The wight resists with some effort.
The wight hits you with a +4 dire flail!
* * * LOW HITPOINT WARNING * * *
You feel drained.
Aim: a wight, wielding a +4 dire flail and wearing a +0 robe (moderately damaged, chance to affect: 49%)
The wight resists with some effort.
The wight hits you with a +4 dire flail.
* * * LOW HITPOINT WARNING * * *
Aim: a wight, wielding a +4 dire flail and wearing a +0 robe (moderately damaged, chance to affect: 49%)
The wight resists with some effort.
The wight hits you with a +4 dire flail.
* * * LOW HITPOINT WARNING * * *
You feel drained.
* * * LOW HITPOINT WARNING * * *
Aim: a wight, wielding a +4 dire flail and wearing a +0 robe (moderately damaged, chance to affect: 49%)
The wight resists with some effort.
The wight hits you with a +4 dire flail!
You die...

#....#### ####....#
#..###..# #.(###..#
#O##.#..# #..#.##.#
#.'.[#..# #..#))'.#
#.##.#..# #..#.##.#
#..###.)# #..###..######
##...##'# #'##..........
###....#####....#.######.
####†z@.)..####........
###.#.### #..#.#.#..
#...# #......... ###.#
#..#.#.#.. #.# #.........
#.# ##..#.#.#.# #.#
#.........# #.#
##.......### #.#
#..#######


You could see a wight.

Vanquished Creatures
  Sigmund (D:2)
  2 ogres (D:4)
  A howler monkey (D:4)
  A hound (D:4)
  Natasha (thrice) (D:2)
  An iguana (D:4)
  3 adders (D:2)
  A white imp (D:4)
  A worm (D:3)
  3 orcs
  4 endoplasms
  5 giant cockroaches
  8 goblins
  4 hobgoblins
  7 jackals
  4 quokkas
  4 ball pythons (D:1)
  4 bats
  5 frilled lizards
  4 kobolds
  2 rats
68 creatures vanquished.

Vanquished Creatures (others)
  4 plants (D:3)
4 creatures vanquished.

Grand Total: 72 creatures vanquished

Notes
Turn   | Place    | Note
-------+----------+-------------------------------------------
     0 | D:1      | vurker the Vine Stalker Enchanter began the quest for the
                  | Orb.
     0 | D:1      | Reached XP level 1. HP: 9/9 MP: 4/4
   620 | D:1      | Found Sisiwah's Vocational Training.
   630 | D:1      | Reached skill level 1 in Unarmed Combat
   637 | D:1      | Reached XP level 2. HP: 14/14 MP: 6/6
  1293 | D:2      | Reached skill level 1 in Fighting
  1293 | D:2      | Reached skill level 2 in Unarmed Combat
  1293 | D:2      | Reached XP level 3. HP: 9/18 MP: 7/7
  1488 | D:2      | Noticed Natasha
  1498 | D:2      | Killed Natasha
  1585 | D:2      | Noticed Natasha
  1599 | D:2      | Killed Natasha
  1600 | D:2      | Reached skill level 3 in Unarmed Combat
  1600 | D:2      | Gained mutation: Your natural rate of healing is unusually
                  | fast. [Vine Stalker growth]
  1600 | D:2      | Reached XP level 4. HP: 2/23 MP: 5/8
  1710 | D:2      | Noticed Sigmund
  1725 | D:2      | Killed Sigmund
  1726 | D:2      | Reached skill level 4 in Unarmed Combat
  1726 | D:2      | Reached XP level 5. HP: 4/27 MP: 2/9
  1726 | D:2      | Reached XP level 6. HP: 5/32 MP: 2/10
  1828 | D:2      | Noticed Natasha
  1852 | D:2      | Killed Natasha
  2652 | D:3      | Found a radiant altar of Vehumet.
  2748 | D:3      | Found a broken altar of Ashenzari.
  2946 | D:3      | Found a faded altar of an unknown god.
  3112 | D:4      | Reached skill level 5 in Unarmed Combat
  3359 | D:4      | Reached XP level 7. HP: 5/36 MP: 2/11
  3443 | D:4      | Reached skill level 6 in Unarmed Combat
  3451 | D:4      | Slain by a wight

Illustrated notes

Levels and vault maps discovered:
D:1:      wander_arrival_chamber, layout_basic, nicolae_shop_vocational
D:2:      layout_loops_corners, uniq_sigmund, uniq_natasha
D:3:      layout_basic, cheibrodos_ashenzari_chains,
          mainiacjoe_overflow_cross_hatched,
          dreamdust_ecumenical_altar_sealed_demon
D:4:      gammafunk_steamed_eel, layout_basic, hangedman_ru_absence,
          gammafunk_temple_overflow_wave, kennysheep_mini, serial_glass,
          glass_columns_b, glass_columns_b, glass_columns_c, glass_columns_c,
          glass_columns_a, glass_columns_b, glass_columns_c, glass_columns_c,
          glass_columns_a, glass_columns_b, glass_columns_a, glass_columns_b,
          glass_columns_b, glass_columns_a, minmay_divided_ellipse

Skill      XL: |  1  2  3  4  5  6  7 |
---------------+----------------------+-----
Unarmed Combat | 1 2 3 4 5 6 |  6.1
Fighting       | 1 2 3 |  3.8
Short Blades   | |  0.8
Dodging        | |  1.5
Stealth        | |  3.6
Spellcasting   | |  2.1
Hexes          | |  3.0

Action                   |  1- 3 |  4- 6 |  7- 9 || total
-------------------------+-------+-------+-------++-------
Melee: Dagger            |    74 |   197 |    16 ||   287
       Bite              |    18 |    57 |     5 ||    80
       Punch             |     1 |     6 |       ||     7
Evoke: Wand              |       |     2 |     6 ||     8
 Stab: Sleeping          |     6 |     2 |       ||     8
Armor: Robe              |     9 |     3 |       ||    12
       Chain mail        |       |   150 |     3 ||   153
Dodge: Dodged            |    31 |    59 |     9 ||    99

Table legend: (Time is in decaauts)
 A = Elapsed time spent in this place.
 B = Non-inter-level travel time spent in this place.
 C = Inter-level travel time spent in this place.
 D = Time resting spent in this place.
 E = Time spent auto-exploring this place.
 F = Levels seen in this place.
 G = Mean time per level.
                   A        B        C        D        E       F      G
               +--------+--------+--------+--------+--------+-----+--------+
         Total |   3436 |   3332 |    104 |      0 |   2709 |   4 |  859.0 |
       Dungeon |   3436 |   3332 |    104 |      0 |   2709 |   4 |  859.0 |
               +--------+--------+--------+--------+--------+-----+--------+

Top non-repeatable levels by time:
     D:2: 1315 daAuts
     D:1: 1268 daAuts
     D:3: 487 daAuts
     D:4: 364 daAuts
